 Dungeon Crawl Stone Soup version 0.28.0-45-g0d030f2227 (console) character file.

Game seed: 16979282480288467495

11304 Zeor the Carver (level 11, -1/69 HPs)
             Began as a Tengu Monk on Apr 4, 2022.
             Was a Priest of Wu Jian.
             Slain by a cane toad (13 damage)
             ... on level 2 of the Lair of Beasts.
             The game lasted 00:35:20 (13004 turns).

Zeor the Carver (Tengu Monk)                       Turns: 13004, Time: 00:35:21

Health: -1/69      AC:  8    Str: 11    XL:     11   Next: 75%
Magic:  0/21       EV: 21    Int: 12    God:    Wu Jian [***...]
Gold:   330        SH:  0    Dex: 20    Spells: 10/10 levels left

rFire   . . .      SeeInvis .   e - +5 trident (vorpal)
rCold   + . .      Faith    .   (no shield)
rNeg    . . .      Spirit   +   M - +3 leather armour {rC+}
rPois   +          Reflect  .   (helmet restricted)
rElec   .          Harm     .   J - +0 cloak
rCorr   .          Rampage  .   (no gloves)
Will    .....                   (boots unavailable)
Stlth   +++.......              y - amulet of guardian spirit
HPRegen 0.21/turn               j - ring of poison resistance
MPRegen 0.17/turn               l - ring of magical power

@: mighty, flying quickly and evasively, quick
A: beak, talons 3, nimble flight
a: Renounce Religion, Wall Jump, Serpent's Lash


You were on level 2 of the Lair of Beasts.
You worshipped Wu Jian.
Wu Jian was most pleased with you.
You visited 3 branches of the dungeon, and saw 13 of its levels.

You collected 648 gold pieces.
You spent 318 gold pieces at shops.

Inventory:

Hand Weapons
 a - the +11 falchion "Wuot Oca" {vorpal, rPois rC+}
   (You found it on level 6 of the Dungeon)

   It inflicts extra damage upon your enemies.
   rC:        It protects you from cold.
   rPois:     It protects you from poison.
 b - a +8 hunting sling of flaming
 e - a +5 vorpal trident (weapon)
 s - a +2 long sword of freezing
 v - a +0 long sword
 B - a +2 trident of venom
Missiles
 c - 2 javelins
 f - 106 sling bullets
 g - 113 bolts
 u - 10 poisoned darts
 w - 8 boomerangs (quivered)
 H - a curare-tipped dart
Armour
 J - a +0 cloak (worn)
 M - a +3 leather armour of cold resistance (worn)
Jewellery
 j - a ring of poison resistance (left hand)
 l - a ring of magical power (right hand)
 y - an amulet of guardian spirit (around neck)
 L - a ring of ice
Wands
 d - a wand of paralysis (2)
 q - a wand of charming (5)
 r - a wand of digging (9)
 x - a wand of iceblast (5)
 C - a wand of polymorph (19)
 E - a wand of flame (5)
Scrolls
 i - a scroll of immolation
 k - 3 scrolls of fog
 m - a scroll of teleportation
 n - 4 scrolls of enchant armour
 F - 2 scrolls of enchant weapon
 G - a scroll of magic mapping
 K - 2 scrolls of identify
Potions
 h - 2 potions of magic
 o - 4 potions of curing
 p - 2 potions of might
 t - a potion of mutation
 z - 2 potions of brilliance
 A - 2 potions of haste


   Skills:
 * Level 8.9 Fighting
 + Level 9.4 Long Blades
 + Level 8.9 Polearms
 * Level 4.7 Slings
 + Level 7.2 Armour
 * Level 8.8 Dodging
 - Level 4.6 Stealth


You had 10 spell levels left.
You didn't know any spells.
Your spell library contained the following spells:

 Spells                   Type           Power      Damage    Failure   Level
 Animate Skeleton         Necr           0%         N/A       38%         1
 Beastly Appendage        Tmut           0%         N/A       38%         1
 Magic Dart               Conj           0%         1d3       38%         1
 Pain                     Necr           0%         1d4       38%         1
 Sandblast                Erth           0%         2d4       38%         1
 Sting                    Tmut/Pois      0%         1d3       38%         1
 Call Imp                 Summ           0%         N/A       54%         2
 Corpse Rot               Necr/Air       0%         N/A       54%         2
 Passwall                 Tmut/Erth      0%         N/A       54%         2
 Poisonous Vapours        Pois/Air       0%         N/A       54%         2
 Static Discharge         Conj/Air       0%         N/A       54%         2
 Wereblood                Tmut           0%         N/A       54%         2
 Gell's Gravitas          Tloc           0%         N/A       77%         3
 Lesser Beckoning         Tloc           0%         N/A       77%         3
 Mephitic Cloud           Conj/Pois/Air  0%         N/A       77%         3
 Spider Form              Tmut/Pois      0%         N/A       77%         3
 Stone Arrow              Conj/Erth      0%         3d7       77%         3
 Teleport Other           Tloc           0%         N/A       77%         3
 Vampiric Draining        Necr           0%         2d6       77%         3
 Animate Armour           Summ/Erth      0%         N/A       99%         4
 Dispel Undead            Necr           0%         3d6       99%         4
 Olgreb's Toxic Radiance  Pois           0%         N/A       99%         4
 Passage of Golubria      Tloc           0%         N/A       99%         4
 Sticky Flame             Conj/Fire      0%         2d3       99%         4
 Blade Hands              Tmut           0%         N/A       100%        5
 Silence                  Hex/Air        0%         N/A       100%        5
 Dispersal                Tloc           0%         N/A       100%        6
 Iron Shot                Conj/Erth      0%         9d1       100%        6
 Lehudib's Crystal Spear  Conj/Erth      0%         10d2      100%        8


Dungeon Overview and Level Annotations

Branches:
Dungeon (10/15)            Temple (1/1) D:7            Lair (2/6) D:10
  Snake (0/4) Lair:2
  Swamp: Lair:2-4    Shoals: Lair:2-4       Orc: D:9-12

Altars:
Ashenzari
Dithmenos
Fedhas
Gozag
Hepliaklqana
Kikubaaqudgha
Makhleb
Okawaru
Qazlal
Sif Muna
Uskayaw
Wu Jian
Xom
Yredelemnul
Zin

Shops:
D:1 (   D:5 =   D:8 ((*=!   D:10 [

Portals:
Abyss: D:5

Annotations:
D:3 1 runed translucent door, ndowd's ghost, amateur DsGl
D:5 1 transporter, Edmund; Ijyb; zeratav's ghost, novice SpEn
D:9 exclusion: ice statue


Innate Abilities, Weirdness & Mutations

You have a beak for a mouth.
You have claws for feet.
Your magical nature lets you fly swiftly and evasively.


Message History

The eight-headed hydra bites you but does no damage. x2
The eight-headed hydra completely misses you.
The eight-headed hydra barely misses you.
The eight-headed hydra misses you.
The eight-headed hydra closely misses you.
The eight-headed hydra bites you but does no damage.
The eight-headed hydra closely misses you.
You puncture the eight-headed hydra! You claw the eight-headed hydra!
The eight-headed hydra is heavily wounded.
You puncture the eight-headed hydra! You claw the eight-headed hydra!
The eight-headed hydra is almost dead.
The eight-headed hydra closely misses you.
The eight-headed hydra bites you! x2
* * * LOW HITPOINT WARNING * * *
The eight-headed hydra bites you.
* * * LOW HITPOINT WARNING * * *
The eight-headed hydra closely misses you.
The eight-headed hydra bites you.
* * * LOW HITPOINT WARNING * * *
The eight-headed hydra bites you.
* * * LOW HITPOINT WARNING * * *
The eight-headed hydra misses you.
You feel much better. The eight-headed hydra misses you.
The eight-headed hydra bites you. x2
The eight-headed hydra bites you but does no damage.
The eight-headed hydra misses you.
The eight-headed hydra barely misses you.
The eight-headed hydra closely misses you.
The eight-headed hydra bites you!
* * * LOW HITPOINT WARNING * * *
You impale the eight-headed hydra!!
You kill the eight-headed hydra!
The Council accepts your kill.
You impale the cane toad!! Your kick misses the cane toad.
The cane toad is heavily wounded.
The cane toad completely misses you.
You hit the cane toad. Your kick misses the cane toad.
The cane toad is severely wounded.
The cane toad stings you!
You die...

▒▒▒▒ ▒▒▒▒▒▒▒ ∙∙▒♣∙∙♣
▒∙∙∙∙∙▒
∙▒▒▒▒▒∙▒∙≈≈♣♣▒∙♣♣♣∙▒
▒∙∙∙∙∙∙▒∙≈≈∙♣▒∙∙∙∙∙▒
∙∙∙∙∙∙∙▒∙≈∙∙♣▒∙▒▒'▒▒
∙∙∙∙∙∙▒∙∙♣♣♣▒F▒∙$▒
∙∙∙∙▒♣∙∙∙♣▒Q▒∙F▒
▒∙∙♣∙♣♣♣▒∙▒(▒▒
▒▒▒∙∙∙∙∙∙∙∙∙▒■
∙▒▒▒▒▒∙∙∙∙♣♣♣∙♣▒▒▒
∙∙∙∙∙∙∙∙∙▒♣♣P∙♣
∙∙∙∙∙∙∙∙∙▒♣P≈∙♣
∙∙∙∙∙∙∙∙∙▒∙†≈∙♣
∙▒▒▒▒▒▒▒∙▒∙♣≈∙♣ ▒▒∙▒
▒∙†▒∙∙∙P♣


You could see a cane toad.

Vanquished Creatures
  3 hydras
  An elephant (Lair:2)
  Maurice (D:10)
  Joseph (D:10)
  A cane toad (Lair:2)
  2 polar bears (D:8)
  Grinder (D:5)
  A blink frog (shapeshifter) (D:9)
  4 slime creatures (D:10)
  11 yaks
  A wyvern (D:8)
  A steam dragon (D:7)
  An acid dragon (D:10)
  2 water moccasins
  2 black bears
  4 orc warriors
  A sky beast (D:5)
  3 ice beasts
  A necrophage (D:7)
  A wolf (D:8)
  4 centaurs
  3 phantoms
  A kobold brigand (D:10)
  5 bullfrogs
  3 scorpions
  A gnoll sergeant (D:8)
  A water moccasin zombie (D:6)
  9 killer bees (D:9)
  An electric eel (D:8)
  10 wights
  3 centaur zombies
  3 hounds
  A jelly (D:6)
  2 bullfrog skeletons
  2 orc priests
  A wyvern simulacrum (D:8)
  3 centaur skeletons
  An iguana (D:5)
  10 orc wizards
  A killer bee zombie (D:5)
  A howler monkey zombie (D:5)
  7 adders
  5 gnolls (D:8)
  A howler monkey skeleton (D:6)
  A shadow imp (D:7)
  2 white imps
  An adder skeleton (D:4)
  5 worms
  3 dart slugs
  26 orcs
  4 bats (D:1)
  8 endoplasms
  A giant cockroach (D:1)
  6 goblins
  5 hobgoblins
  7 kobolds
  5 quokkas
  3 ball pythons
  3 frilled lizards
  3 rats
205 creatures vanquished.

Vanquished Creatures (others)
  2 plants
2 creatures vanquished.

Grand Total: 207 creatures vanquished

Notes
Turn   | Place    | Note
-------+----------+-------------------------------------------
     0 | D:1      | Zeor the Tengu Monk began the quest for the Orb.
     0 | D:1      | Reached XP level 1. HP: 14/14 MP: 2/2
   209 | D:1      | Reached XP level 2. HP: 19/19 MP: 3/3
   444 | D:1      | Reached XP level 3. HP: 19/23 MP: 4/4
   550 | D:1      | Found Meinon's Weapon Emporium.
   721 | D:2      | Found a faded altar of an unknown god.
  1306 | D:2      | Reached XP level 4. HP: 28/28 MP: 5/5
  1798 | D:3      | Found a runed translucent door.
  1801 | D:3      | Noticed ndowd's ghost (amateur DsGl)
  2325 | D:4      | Gained mutation: Your magical nature lets you fly swiftly
                  | and evasively. [Tengu growth]
  2325 | D:4      | Reached XP level 5. HP: 26/32 MP: 6/6
  2827 | D:4      | Reached skill level 1 in Armour
  3002 | D:4      | Found a basalt altar of Yredelemnul.
  3149 | D:4      | Reached skill level 5 in Polearms
  3324 | D:5      | Entered Level 5 of the Dungeon
  3324 | D:5      | Noticed a black bear
  3337 | D:5      | Noticed Grinder
  3337 | D:5      | Paralysed by Grinder for 5 turns
  3359 | D:5      | Killed Grinder
  3360 | D:5      | Reached skill level 5 in Dodging
  3360 | D:5      | Reached XP level 6. HP: 18/38 MP: 7/7
  3369 | D:5      | Noticed an ice beast
  3400 | D:5      | Killed an ice beast
  3401 | D:5      | Reached XP level 7. HP: 16/42 MP: 8/8
  3401 | D:5      | Found Buzojeop's Jewellery Shoppe.
  4358 | D:5      | Reached XP level 8. HP: 9/48 MP: 9/9
  4863 | D:5      | Found a one-way gate to the infinite horrors of the Abyss.
  4863 | D:5      | Noticed zeratav's ghost (novice SpEn)
  4875 | D:5      | Found a transporter.
  4904 | D:5      | Noticed Ijyb
  5095 | D:5      | Noticed Edmund
  5433 | D:6      | Identified the +11 falchion "Wuot Oca" {vorpal, rPois rC+}
  5739 | D:6      | Reached skill level 1 in Long Blades
  6354 | D:7      | Reached XP level 9. HP: 53/53 MP: 10/10
  6360 | D:7      | Found a staircase to the Ecumenical Temple.
  6371 | Temple   | Entered the Ecumenical Temple
  6389 | Temple   | Became a worshipper of the Wu Jian Council
  6389 | Temple   | Reached * piety under Wu Jian
  6389 | Temple   | Reached ** piety under Wu Jian
  6406 | D:7      | Reached skill level 2 in Long Blades
  6513 | D:7      | Reached skill level 5 in Fighting
  6513 | D:7      | Reached skill level 5 in Armour
  6526 | D:7      | Reached skill level 3 in Long Blades
  6650 | D:7      | Found a shadowy altar of Dithmenos.
  7369 | D:7      | Found an opulent altar of Gozag.
  7522 | D:8      | Found Iso Ijal's Distillery.
  7525 | D:8      | Bought a potion of heal wounds for 65 gold pieces
  7525 | D:8      | Bought a potion of haste for 130 gold pieces
  7525 | D:8      | Bought a potion of heal wounds for 65 gold pieces
  7544 | D:8      | Found Hoigaro's Jewellery Shop.
  7613 | D:8      | Reached skill level 4 in Long Blades
  7946 | D:8      | Reached skill level 5 in Long Blades
  8097 | D:8      | Noticed a polar bear
  8097 | D:8      | Noticed a polar bear
  8119 | D:8      | Killed a polar bear
  8120 | D:8      | Reached skill level 6 in Long Blades
  8420 | D:8      | Found Nuyhe's Weapon Emporium.
  8449 | D:8      | Found a broken altar of Ashenzari.
  8483 | D:8      | Reached XP level 10. HP: 48/60 MP: 11/11
  8555 | D:8      | Found Joihem's Antique Weapon Shoppe.
  8586 | D:8      | Found Roxeof Biunk's Assorted Antiques.
  8594 | D:8      | Bought a murky brown potion for 27 gold pieces
  8594 | D:8      | Bought a scroll labelled VUEZXU FOOSK for 31 gold pieces
  8898 | D:8      | Found a stormy altar of Qazlal.
  9146 | D:9      | Reached skill level 7 in Long Blades
  9322 | D:9      | Reached *** piety under Wu Jian
 10102 | D:9      | Noticed an ice statue
 10264 | D:10     | Entered Level 10 of the Dungeon
 10612 | D:10     | Found a shimmering blue altar of Sif Muna.
 10977 | D:10     | Reached skill level 8 in Long Blades
 10994 | D:10     | Noticed Joseph
 11012 | D:10     | Killed Joseph
 11013 | D:10     | Reached XP level 11. HP: 25/68 MP: 2/12
 11322 | D:10     | Noticed Maurice
 11332 | D:10     | Paralysed by something for 2 turns
 11338 | D:10     | Killed Maurice
 11382 | D:10     | Found Teochuiz's Superior Scales.
 11619 | D:10     | Found a staircase to the Lair.
 11626 | Lair:1   | Entered Level 1 of the Lair of Beasts
 11628 | Lair:1   | Reached skill level 1 in Slings
 11710 | Lair:1   | Noticed a four-headed hydra
 11720 | Lair:1   | Killed a four-headed hydra
 11732 | Lair:1   | Noticed a six-headed hydra
 11757 | Lair:1   | Killed a six-headed hydra
 12142 | Lair:1   | Reached skill level 9 in Long Blades
 12695 | Lair:2   | Found a staircase to the Snake Pit.
 12988 | Lair:2   | Noticed an eight-headed hydra
 13002 | Lair:2   | Killed an eight-headed hydra
 13004 | Lair:2   | Slain by a cane toad

Illustrated notes

Levels and vault maps discovered:
D:1:      dpeg_arrival_shelter, layout_rooms, serial_shops, shop,
          serial_bayou_pond_e
D:2:      layout_basic, chequers_ecumenical_altar_simple, dk_noncrumbling_4,
          grunt_ministairs_11
D:3:      layout_loops_cross, gammafunk_ghost_grave, minmay_shallow_snake_nest
D:4:      layout_basic, mainiacjoe_overflow_cross_hatched
D:5:      layout_rooms, mainiacjoe_overflow_alcove_2, serial_shops, shop,
          gammafunk_ghost_abyssal_escape, feat_on_display, uniq_grinder,
          uniq_ijyb, uniq_edmund
D:6:      layout_basic
D:7:      layout_basic, kennysheep_mini_moat, grunt_gozag_breadcrumbs,
          minmay_temple_entry_drinking_statues
D:8:      layout_loops_ring, nicolae_ashenzari_skybound,
          nicolae_qazlal_eye_of_the_storm, serial_ice, serial_ice_j,
          serial_ice_g, serial_ice_m, serial_ice_o, serial_shops,
          nicolae_shop_behind_doors, nicolae_stop_n_shop_2,
          nicolae_shop_crystal, shop, shop
D:9:      layout_rooms, nicolae_overflow_hidden_temple, roderic_roman_lattice,
          minivault_11, minivault_16
D:10:     layout_irregular_city, kennysheep_little_box, lair_entry_dummy,
          serial_column_ruins, column_ruins_hut_ruined, column_ruins_grid_1,
          column_ruins_open_tiny, column_ruins_open_small,
          column_ruins_open_tiny, hellmonk_scale_shop, uniq_maurice, uniq_joseph
Temple:   nicolae_temple_great_sept
Lair:1:   layout_loops_ring, st_stairs_10
Lair:2:   nzn_winding_woodlands_small [nzn_winding_woodlands_5x15_concentric,
          nzn_winding_woodlands_center_lodge,
          nzn_winding_woodlands_5x15_pathside_ponds],
          layout_concentric_octagons, dummy_snake_entry

Skill      XL: |  1  2  3  4  5  6  7  8  9 10 11 |
---------------+----------------------------------+-----
Dodging        | 4 5 6 7 8 |  8.8
Polearms       | 4 5 6 7 8 |  8.9
Armour         | 2 3 4 5 6 7 |  7.2
Fighting       | 4 6 7 8 |  8.9
Long Blades    | 1 6 8 9 |  9.4
Stealth        | 3 4 |  4.6
Slings         | 4 |  4.7

Action                   |  1- 3 |  4- 6 |  7- 9 | 10-12 || total
-------------------------+-------+-------+-------+-------++-------
Melee: Spear             |    97 |   120 |   157 |       ||   374
       Peck              |     8 |    25 |    58 |    45 ||   136
       Kick              |    15 |    46 |    78 |    76 ||   215
       Punch             |     1 |     4 |     7 |     2 ||    14
       Falchion          |       |       |   111 |   247 ||   358
       Unarmed           |       |       |     2 |       ||     2
       Trident           |       |       |    10 |     8 ||    18
 Fire: Hunting sling     |       |       |       |    28 ||    28
Throw: Javelin           |       |       |     1 |       ||     1
       Boomerang         |       |       |       |     1 ||     1
Invok: Lunge             |       |       |    12 |    32 ||    44
       Whirlwind         |       |       |     3 |    21 ||    24
 Abil: Wall Jump         |       |       |     2 |     8 ||    10
  Use: Scroll            |     5 |     3 |     9 |     8 ||    25
       Potion            |       |     2 |     3 |     4 ||     9
 Stab: Sleeping          |     3 |       |     2 |     7 ||    12
       Distracted        |       |       |       |     1 ||     1
Armor: Robe              |     3 |       |       |       ||     3
       Ring mail         |     5 |    14 |    62 |    25 ||   106
       Leather armour    |       |       |       |    20 ||    20
Dodge: Dodged            |    29 |    44 |   161 |   202 ||   436
